 Dungeon Crawl Stone Soup version 0.31.0-32-g396128a36d (webtiles) character file.

Game seed: 5865831597426741613

256 PaiMei the Grave Robber (level 5, -9/35 HPs)
             Began as a Demonspawn Necromancer on Apr 2, 2024.
             Mangled by a hell rat (13 damage)
             ... in a sewer.
             The game lasted 00:06:23 (4403 turns).

PaiMei the Grave Robber (Demonspawn Necromancer)    Turns: 4403, Time: 00:06:24

Health: -9/35      AC:  7    Str:  8    XL:     5   Next: 92%
Magic:  9/9        EV: 18    Int: 17    God:
Gold:   193        SH:  4    Dex: 14    Spells: 6/10 levels left

rFire   . . .        t - +2 demon trident (drain)
rCold   . . .        (no shield)
rNeg    . . .        a - +0 robe
rPois   .            (no helmet)
rElec   .            (no cloak)
rCorr   .            (no gloves)
SInv    .            j - +0 pair of boots
Will    .....        (no amulet)
Stlth   ++           f - +5 ring of evasion
HPRegen 0.25/turn    (no ring)
MPRegen 0.11/turn

%: no passive effects
@: no status effects
A: icemail 1, condensation shield, weakness stinger 1
a: no special abilities


You were in a sewer.
You visited 2 branches of the dungeon, and saw 5 of its levels.
You also visited: Sewer.

You collected 193 gold pieces.

Inventory:

Hand Weapons
 c - a +0 dagger
 t - a +2 demon trident of draining (weapon)
Missiles
 q - 7 poisoned darts (quivered)
Armour
 a - a +0 robe (worn)
 j - a +0 pair of boots (worn)
Jewellery
 f - a +5 ring of evasion (left hand)
 s - a ring of protection from fire
Scrolls
 d - 2 scrolls of revelation {unknown}
 e - 3 scrolls of blinking {unknown}
 h - 2 scrolls of noise {unknown}
 k - 5 scrolls of identify {unknown}
 l - a scroll of fear {unknown}
 p - a scroll of acquirement {unknown}
 u - a scroll of teleportation {unknown}
Potions
 b - a potion of magic
 g - 2 potions of invisibility {unknown}
 i - a potion of resistance {unknown}
 m - 2 potions of might {unknown}
 n - a potion of heal wounds {unknown}
 o - a potion of attraction {unknown}
 r - a potion of degeneration {unknown}


   Skills:
 + Level 3.2 Dodging
 + Level 3.4 Stealth
 + Level 3.2 Spellcasting
 + Level 5.4 Necromancy


You had 6 spell levels left.
You knew the following spells:

 Your Spells              Type           Power      Damage    Failure   Level
a - Necrotise             Necr           84%        1d8       1%          1
b - Vampiric Draining     Necr           21%        2d7       5%          3

Your spell library contained the following spells:

 Spells                   Type           Power      Damage    Failure   Level
 Magic Dart               Conj           8%         1d3       17%         1
 Animate Dead             Necr           21%        N/A       19%         4
 Searing Ray              Conj           4%         2d4       26%         2
 Curse of Agony           Necr           21%        N/A       45%         5
 Fulminant Prism          Conj/Alch      1%         3d5       86%         4


Dungeon Overview and Level Annotations

Branches:
Dungeon (4/15)             Temple (1/1) D:4           Sewer (1/1)

Altars:
Ashenzari
Cheibriados
Dithmenos
Makhleb
Sif Muna
Uskayaw
Vehumet
Xom

Shops:
D:4 (

Annotations:
D:3 3 runed translucent doors, SchramBam's ghost, amateur MiHu


Innate Abilities, Weirdness & Mutations

A meltable icy envelope protects you from harm. (AC +4)
A meltable shield of frost defends you. (SH +4)
You have a small tail.


Message History

Casting: Necrotise (safe; 1% risk of failure)
Confirm with . or Enter, or press ? or * to list all spells.
You can't see any susceptible monsters within range! (Use Z to cast anyway.)
Casting: Necrotise (safe; 1% risk of failure)
Confirm with . or Enter, or press ? or * to list all spells.
You can't see any susceptible monsters within range! (Use Z to cast anyway.)
You enter the shallow water.
Moving in this stuff is going to be slow.
The hell rat roars deafeningly!
You swap places.
Your rat skeleton crumbles into dust!
There is an open door here.
You puncture the hell rat!
You tail-slap the hell rat, but do no damage.
The hell rat is heavily wounded.
The hell rat barely misses you. x2
You hit the hell rat.
The hell rat is heavily wounded.
The hell rat twitches its whiskers.
The hell rat misses you. The hell rat bites you.
You barely miss the hell rat.
The hell rat is heavily wounded.
The hell rat completely misses you.
You puncture the hell rat!
The hell rat is almost dead.
The hell rat bites you! The hell rat misses you.
You barely miss the hell rat.
The hell rat is almost dead.
The hell rat bites you!
* * * LOW HITPOINT WARNING * * *
Casting: Necrotise (safe; 1% risk of failure)
Confirm with . or Enter, or press ? or * to list all spells.
You can't see any susceptible monsters within range! (Use Z to cast anyway.)
Casting: Necrotise (safe; 1% risk of failure)
Confirm with . or Enter, or press ? or * to list all spells.
You can't see any susceptible monsters within range! (Use Z to cast anyway.)
You closely miss the hell rat.
The hell rat is almost dead.
The hell rat closely misses you. The hell rat bites you!
You die...

#~..~.~~#
##.~~.~~~##
#~..###~~~#
##~~##~##~~##
#.~~#...#~..#
#~~##~.?##~.#
#~~#~~~?$#~~#
#~.r~~~?∩#∩∩#
#~@#.~~?!#..#
#..##~~?##~~#
#~..#~~.#~~~#
##..##~##~.##
#.~~###~~.#
##~...~.~##
#~~~~.~~#
###~~.###
#####


You could see a hell rat.

Vanquished Creatures
  A scorpion (D:4)
  Jessica (D:3)
  An iguana (D:4)
  An orc wizard (D:3)
  3 adders
  2 river rats
  2 ribbon worms
  A dart slug (D:2)
  3 orcs (D:3)
  6 ball pythons
  4 endoplasms
  5 giant cockroaches
  2 goblins
  6 hobgoblins
  5 jackals
  4 quokkas
  2 bats
  3 frilled lizards
  5 kobolds
  7 rats
64 creatures vanquished.

Vanquished Creatures (collateral kills)
  A hobgoblin (D:1)
  A goblin (D:1)
  A rat (D:1)
3 creatures vanquished.

Grand Total: 67 creatures vanquished

Notes
Turn   | Place    | Note
-------+----------+-------------------------------------------
     0 | D:1      | PaiMei the Demonspawn Necromancer began the quest for the
                  | Orb.
     0 | D:1      | Reached XP level 1. HP: 13/13 MP: 3/3
   220 | D:1      | Gained mutation: A meltable shield of frost defends you.
                  | (SH +4) [demonic ancestry]
   220 | D:1      | Reached XP level 2. HP: 19/19 MP: 3/5
  1617 | D:2      | Reached XP level 3. HP: 24/24 MP: 1/6
  2146 | D:3      | Noticed Jessica
  2152 | D:3      | Killed Jessica
  2214 | D:3      | Found a runed translucent gate.
  2214 | D:3      | Found a runed translucent gate.
  2214 | D:3      | Found a runed translucent gate.
  2219 | D:3      | Noticed SchramBam's ghost (amateur MiHu)
  2235 | D:3      | Gained mutation: A meltable icy envelope protects you from
                  | harm. (AC +4) [demonic ancestry]
  2235 | D:3      | Reached XP level 4. HP: 28/30 MP: 1/7
  2815 | D:3      | Reached skill level 5 in Necromancy
  3424 | D:4      | Gained mutation: You have a small tail. [demonic ancestry]
  3424 | D:4      | Reached XP level 5. HP: 35/35 MP: 5/9
  3428 | D:4      | Learned a level 3 spell: Vampiric Draining
  3487 | D:4      | Found a staircase to the Ecumenical Temple.
  3493 | Temple   | Entered the Ecumenical Temple
  4067 | D:4      | Found Dake's Firing Range.
  4147 | D:4      | Found a glowing drain.
  4183 | Sewer    | Entered a sewer
  4403 | Sewer    | Mangled by a hell rat

Illustrated notes

Levels and vault maps discovered:
D:1:      minmay_arrival_shattered_statue, layout_basic
D:2:      layout_loops_ring
D:3:      layout_loops_ring, gammafunk_ghost_necromancy,
          hangedman_decor_peaks_small, skrybe_limestone_x, uniq_jessica
D:4:      minmay_angry_zag, layout_basic, minmay_temple_entry_fiery,
          portal_sewer_entry_c, nicolae_shop_firing_range
Temple:   eino_wide_crystal_templ
Sewer:    sewer_hellmonk_bad_rat

Skill      XL: |  1  2  3  4  5 |
---------------+----------------+-----
Stealth        | 2 3 |  3.4
Dodging        | 2 3 |  3.2
Necromancy     | 5 |  5.4
Spellcasting   | 3 |  3.2

Action                     |  1- 3 |  4- 6 || total
---------------------------+-------+-------++-------
  Melee: Unarmed           |     3 |       ||     3
         Dagger            |    29 |    46 ||    75
         Punch             |       |     2 ||     2
         Demon trident     |       |    22 ||    22
         Tailslap          |       |     4 ||     4
   Cast: Necrotise         |    68 |    88 ||   156
 Armour: Robe              |    21 |    42 ||    63
  Dodge: Dodged            |    31 |    73 ||   104
  Block: Other             |     6 |    13 ||    19
